 Dungeon Crawl Stone Soup version 0.29.1 (webtiles) character file.

Game seed: 12214208982608979475

42 ragingrage the Caller (level 3, -5/14 HPs)
             Began as a Felid Summoner on Sept 12, 2022.
             Killed by nerve-wracking pain
             ... invoked by Grinder
              (12 damage)
             ... on level 4 of the Dungeon.
             The game lasted 00:04:27 (4618 turns).

ragingrage the Caller (Felid Summoner)              Turns: 4618, Time: 00:04:28

Health: -5/14      AC:  1    Str:  4    XL:     3   Next: 33%
Magic:  9/17       EV: 17    Int: 18    God:
Gold:   195        SH:  0    Dex: 16    Spells: 0/8 levels left
                                        Lives:  0   Deaths: 1

rFire   . . .      SeeInvis +   (weapon unavailable)
rCold   . . .      Faith    .   (shield unavailable)
rNeg    . . .      Spirit   .   (body armour unavailable)
rPois   .          Reflect  .   (helmet unavailable)
rElec   .          Harm     .   (cloak unavailable)
rCorr   .          Rampage  .   (gloves unavailable)
Will    .....                   (boots unavailable)
Stlth   ++........              (no amulet)
HPRegen 0.04/turn               o - ring of magical power
MPRegen 0.15/turn               (no ring)

@: quick
A: very small, claws 1, fangs 3, see invisible, speed 1, shaggy fur 1, stealthy
paws, no weapons or thrown items, no armour, multi-lived
a: no special abilities


You were on level 4 of the Dungeon.
You visited 1 branch of the dungeon, and saw 4 of its levels.

You collected 195 gold pieces.

Inventory:

Jewellery
 o - a ring of magical power (left paw)
Scrolls
 c - a scroll of noise {unknown}
 f - 3 scrolls of identify {unknown}
 g - a scroll of fear {unknown}
 h - a scroll of poison {unknown}
 j - a scroll of brand weapon {unknown}
 l - a scroll of teleportation {unknown}
 n - a scroll of fog {unknown}
 p - a scroll of enchant weapon {unknown}
Potions
 a - a potion of magic
 b - 2 potions of flight
 d - a potion of invisibility {unknown}
 e - 2 potions of heal wounds {unknown}
 i - 3 potions of curing {unknown}
 k - a potion of attraction {unknown}
 m - a potion of ambrosia {unknown}
 q - a potion of berserk rage {unknown}
 r - a potion of might {unknown}
 s - a potion of cancellation {unknown}


   Skills:
 + Level 0.2 Fighting
 + Level 2.8 Dodging
 - Level 2.6 Stealth
 + Level 3.2 Spellcasting
 + Level 0.4 Hexes
 + Level 4.9 Summonings


You couldn't memorise any spells.
You knew the following spells:

 Your Spells              Type           Power      Damage    Failure   Level
a - Summon Small Mammal   Summ           80%        N/A       1%          1
b - Call Imp              Summ           20%        N/A       3%          2
c - Call Canine Familiar  Summ           20%        N/A       6%          3
d - Summon Guardian Gole  Hex/Summ       12%        N/A       16%         3

Your spell library contained the following spells:

 Spells                   Type           Power      Damage    Failure   Level
 Sublimation of Blood     Necr           2%         N/A       24%         2
 Wereblood                Tmut           2%         N/A       24%         2
 Conjure Flame            Conj/Fire      2%         6-21      43%         3
 Ignite Poison            Fire/Tmut/Pois 2%         N/A       43%         3
 Summon Lightning Spire   Summ/Air       11%        N/A       50%         4
 Corpse Rot               Necr/Pois/Air  2%         N/A       85%         4
 Dispel Undead            Necr           2%         3d7       85%         4
 Sticky Flame             Conj/Fire      2%         2d3       85%         4
 Death Channel            Necr           1%         N/A       100%        6
 Summon Hydra             Summ           10%        N/A       100%        7


Dungeon Overview and Level Annotations

Branches:
Dungeon (4/15)
 Temple: D:4-7

Altars:

Shops:
D:2 (

Annotations:
D:4 Grinder


Innate Abilities, Weirdness & Mutations

You have sharp claws.
You have razor-sharp teeth.
You have supernaturally acute eyesight. (SInv)
You cover ground quickly. (Speed+)
You are covered in fur. (AC +1)
Your paws help you pounce on unaware monsters.
You are incapable of wielding weapons or throwing items.
You cannot wear armour.
You gain extra lives every three experience levels.


Message History

The spell is extremely dangerous to miscast (6% risk of failure)!
Continue anyway?
Your crimson imp misses Grinder.
Grinder gestures at you.
Your crimson imp resists with some effort.
Your rat barely misses Grinder.
Your crimson imp completely misses Grinder.
Grinder completely misses your crimson imp.
Your rat closely misses Grinder.
Your crimson imp barely misses Grinder.
Grinder hits your rat.
Your rat dies!
Your rat's corpse disappears in a puff of smoke!
Your crimson imp barely misses Grinder.
Your hound bites Grinder.
Grinder closely misses your hound.
Your crimson imp closely misses Grinder.
Your hound bites Grinder.
Grinder blinks!
You closely miss Grinder.
Grinder is almost dead.
Grinder gestures at you. You resist with significant effort.
Your crimson imp blinks!
Your hound closely misses Grinder.
You scratch Grinder.
Grinder is almost dead.
Your hound barely misses Grinder.
Grinder hits you but does no damage.
You scratch Grinder but do no damage.
Grinder is almost dead.
Your hound closely misses Grinder.
Grinder barely misses you.
Your crimson imp hits Grinder.
Your hound bites Grinder but does no damage.
You barely miss Grinder.
Grinder is almost dead.
Your hound misses Grinder. Grinder hits you.
You writhe in agony.
Your crimson imp hits Grinder.
You scratch Grinder.
Grinder is almost dead.
Your hound bites Grinder.
Grinder gestures at you. Pain shoots through your body!
Ouch! That really hurt!
You die...

.#####.. ....... ..#
#.... ..# #...## ..#
###....# ..#
#####......## ..#
............## 5.#####
.............###5h..$..
......######...@.......
....## ##...#####.. ...
#.#.# #. #.#.# # #...#
#.##. ### #


You could see Grinder (ally target), a friendly hound (summoned) and a friendly
crimson imp (summoned).

Vanquished Creatures
  A dart slug (D:3)
  3 endoplasms (D:2)
  A giant cockroach (D:2)
  2 hobgoblins (D:2)
  A jackal (D:1)
  A kobold (D:1)
  A quokka (D:1)
  2 ball pythons (D:1)
  A frilled lizard (D:2)
  3 goblins
  A rat (D:1)
17 creatures vanquished.

Vanquished Creatures (collateral kills)
  Robin (D:2)
  An orc (D:2)
  2 ball pythons (D:1)
  2 endoplasms
  A giant cockroach (D:1)
  12 goblins
  8 hobgoblins
  6 jackals
  6 kobolds
  3 quokkas
  3 bats
  2 frilled lizards
  A rat (D:3)
48 creatures vanquished.

Grand Total: 65 creatures vanquished

Notes
Turn   | Place    | Note
-------+----------+-------------------------------------------
     0 | D:1      | ragingrage the Felid Summoner began the quest for the Orb.
     0 | D:1      | Reached XP level 1. HP: 7/7 MP: 4/4
   344 | D:1      | Reached XP level 2. HP: 11/11 MP: 1/6
   407 | D:1      | Learned a level 2 spell: Call Imp
  1316 | D:1      | Reached XP level 3. HP: 12/14 MP: 5/8
  2148 | D:2      | Found Casov's Weapon Emporium.
  2459 | D:2      | Learned a level 3 spell: Call Canine Familiar
  2677 | D:2      | Noticed Robin
  2686 | D:2      | Killed Robin
  2869 | D:2      | Found a faded altar of an unknown god.
  3013 | D:2      | Reached XP level 4. HP: 8/18 MP: 5/9
  3373 | D:2      | Learned a level 3 spell: Summon Guardian Golem
  4538 | D:4      | Noticed a water moccasin
  4568 | D:4      | Slain by a water moccasin
  4569 | D:4      | Reached XP level 3. HP: -4/14 MP: 11/17
  4577 | D:4      | Noticed Grinder
  4600 | D:4      | Paralysed by Grinder for 5 turns
  4618 | D:4      | Killed from afar by Grinder

Illustrated notes

Levels and vault maps discovered:
D:1:      dpeg_arrival_short_road, layout_basic, serial_rivers,
          chequers_serial_rivers_micro_b, chequers_serial_rivers_large_a,
          chequers_serial_rivers_room_a, chequers_serial_rivers_room_a,
          kennysheep_crisscross, minmay_tiny_reverse_x
D:2:      layout_basic, serial_shops, shop_statue,
          chequers_ecumenical_altar_twisty, minmay_misc_feat_tower, uniq_robin
D:3:      minmay_evil_eye, layout_loops_ring
D:4:      layout_layer_cave, makhleb_altar_promises_db, serial_bayou,
          serial_bayou_shore_b, serial_bayou_crossing, serial_bayou_pond_d,
          serial_bayou_lake_a, serial_shops, nicolae_diamond_shop,
          nicolae_shop_waterfront, dk_vineyard_2, kennysheep_generic_room_15,
          uniq_grinder

Skill      XL: |  1  2  3 |
---------------+----------+-----
Spellcasting   | 3 |  3.2
Fighting       | |  0.2
Dodging        | |  2.8
Stealth        | |  2.6
Hexes          | |  0.4
Summonings     | |  4.9

Action                   |  1- 3 |  4- 6 || total
-------------------------+-------+-------++-------
Melee: Unarmed           |    67 |    21 ||    88
       Bite              |    10 |     1 ||    11
 Cast: Summon Small Mamm |    44 |     3 ||    47
       Call Imp          |    19 |     5 ||    24
       Call Canine Famil |     4 |     5 ||     9
       Summon Guardian G |       |     1 ||     1
  Use: Potion            |       |     1 ||     1
 Stab: Sleeping          |     4 |       ||     4
Armor: Skin              |     6 |       ||     6
Dodge: Dodged            |   103 |    24 ||   127
